 Dungeon Crawl Stone Soup version 0.26-a0-602-gd42a14c23b (webtiles) character file.

Game seed: 4868159812091286810

721 ANON1729 the Covert (level 7, -3/49 HPs)
             Began as an Octopode Delver on Aug 30, 2020.
             Slain by an ogre
             ... wielding a +0 giant spiked club
              (28 damage)
             ... on level 6 of the Dungeon.
             The game lasted 00:10:44 (5783 turns).

ANON1729 the Covert (Octopode Delver)               Turns: 5783, Time: 00:10:44

Health: -3/49      AC:  1    Str: 13    XL:     7   Next: 71%
Magic:  7/7        EV: 14    Int: 13    God:
Gold:   202        SH:  6    Dex: 13    Spells: 6/6 levels left

rFire    . . .     SeeInvis .     - Unarmed
rCold    . . .     Faith    .   k - +2 buckler
rNeg     . . .     Spirit   .   (helmet restricted)
rPois    .         Reflect  .   h - amulet of magic regeneration
rElec    .         Harm     .   (no ring)
rCorr    .                      (no ring)
MR       .....                  (no ring)
Stlth    +++++.....             (no ring)
HPRegen  0.16/turn              (no ring)
MPRegen  0.35/turn              (no ring)
                                (no ring)
                                (no ring)

@: no status effects
A: almost no armour, stealthy swim, amphibious, 8 rings, constrict 8, camouflage
1, gelatinous body 1
a: no special abilities


You were on level 6 of the Dungeon.
You visited 1 branch of the dungeon, and saw 6 of its levels.

You collected 202 gold pieces.

Inventory:

Missiles
 m - 8 javelins (quivered)
Armour
 k - a +2 buckler (worn)
Jewellery
 h - an amulet of magic regeneration (around mantle)
Wands
 e - a wand of digging (3)
 n - a wand of enslavement (5)
Scrolls
 a - a scroll of fog
 b - 2 scrolls of magic mapping
 f - 9 scrolls of identify {unknown}
 g - 5 scrolls of remove curse {unknown}
 j - a scroll of random uselessness {unknown}
 q - a scroll of teleportation {unknown}
 r - a scroll of noise {unknown}
Potions
 c - 4 potions of curing
 d - 3 potions of haste
 i - a potion of brilliance {unknown}
 l - a potion of ambrosia {unknown}
 o - 2 potions of flight {unknown}
 p - a potion of invisibility {unknown}
 s - 3 potions of degeneration {unknown}


   Skills:
 + Level 4.7 Fighting
 * Level 2.4 Throwing
 + Level 4.0 Dodging
 + Level 8.5 Stealth
 + Level 1.9 Shields
 + Level 4.1 Unarmed Combat


You had 6 spell levels left.
You didn't know any spells.
Your spell library was empty.

Dungeon Overview and Level Annotations

Branches:
Dungeon (6/15)
 Temple: D:4-7

Altars:
Ashenzari
Hepliaklqana
Makhleb
Xom

Annotations:
D:2 Sigmund


Innate Abilities, Weirdness & Mutations

You cannot wear most types of armour.
You are very stealthy in the water. (Stealth+)
You are amphibious.
You can wear up to eight rings at the same time.
You can use your tentacles to constrict eight enemies at once.
Your skin changes colour to match your surroundings (Stealth+).
Your rubbery body absorbs attacks. (AC +1, EV +1)


Message History

There is a stone staircase leading up here.
The helpless ogre fails to defend itself.
You tentacle-slap the ogre.
The ogre is lightly wounded.
You tentacle-slap the ogre. You squeeze the ogre, but do no damage.
The ogre is moderately wounded.
You block the ogre's attack.
You tentacle-slap the ogre but do no damage.
The ogre is moderately wounded.
The ogre misses you.
You tentacle-slap the ogre.
The ogre is heavily wounded.
You tentacle-slap the ogre but do no damage.
The ogre is heavily wounded.
The ogre hits you with a +0 giant spiked club!!
You tentacle-slap the ogre.
The ogre is heavily wounded.
The ogre hits you with a +0 giant spiked club!!
Ouch! That really hurt!
You die...

# #. . ####.
..
....######<..
.....[.....
#[.O....#.
#.@.......
#.....###.
#.....#
#######


You could see an ogre.

Vanquished Creatures
  A black bear (D:3)
  A phantom (D:5)
  2 ogres
  2 hounds (D:5)
  A quasit (D:4)
  A bullfrog skeleton (D:5)
  A centaur skeleton (D:5)
  An iguana (D:4)
  A worker ant (D:4)
  10 adders
  2 white imps (D:5)
  An ufetubus (D:3)
  2 oozes
  2 worms
  2 dart slugs
  4 leopard geckos
  6 orcs
  6 bats
  3 giant cockroaches
  4 hobgoblins
  4 kobolds
  2 ball pythons (D:2)
  3 frilled lizards
  5 goblins
  A quokka skeleton (D:5)
  4 rats (D:2)
72 creatures vanquished.

Notes
Turn   | Place    | Note
-------+----------+-------------------------------------------
     0 | D:5      | ANON1729 the Octopode Delver began the quest for the Orb.
     0 | D:5      | Reached XP level 1. HP: 16/16 MP: 1/1
    20 | D:5      | Noticed a hound
    25 | D:5      | Killed a hound
    25 | D:5      | Reached XP level 2. HP: 6/21 MP: 2/2
    25 | D:5      | Reached XP level 3. HP: 8/26 MP: 3/3
   262 | D:5      | Reached skill level 7 in Stealth
   323 | D:5      | Noticed a phantom
   660 | D:4      | Reached XP level 4. HP: 18/31 MP: 4/4
   811 | D:4      | Noticed an ogre
  1163 | D:3      | Noticed a hippogriff
  1596 | D:2      | Found a burning altar of Makhleb.
  1664 | D:2      | Found a hazy altar of Hepliaklqana.
  1703 | D:2      | Reached XP level 5. HP: 31/37 MP: 5/5
  1762 | D:2      | Noticed Sigmund
  2098 | D:2      | Found a shattered altar of Ashenzari.
  2203 | D:2      | Found a shimmering altar of Xom.
  3106 | D:3      | Noticed a black bear
  3116 | D:3      | Killed a black bear
  3116 | D:3      | Reached XP level 6. HP: 3/43 MP: 6/6
  4026 | D:4      | Reached skill level 8 in Stealth
  4280 | D:4      | Reached skill level 1 in Shields
  4287 | D:4      | Reached skill level 1 in Throwing
  4608 | D:5      | Reached XP level 7. HP: 29/49 MP: 7/7
  5783 | D:6      | Slain by an ogre

Illustrated notes

Levels and vault maps discovered:
D:1:      minmay_arrival_loop, layout_basic, interstate_on_off
D:2:      layout_loops_corners, nicolae_overflow_hidden_temple,
          lemuel_doored_altar, lemuel_coloured_pillars_altar,
          kennysheep_nondescript, bloody_makhleb, uniq_sigmund
D:3:      layout_basic, nicolae_dithmenos_through_a_glass_darkly
D:4:      layout_cave_pools
D:5:      layout_cave_pools
D:6:      layout_rooms, overflow_temple_1_default, minmay_temple_entry_ruins,
          serial_shops, shop

Skill      XL: |  1  2  3  4  5  6  7 |
---------------+----------------------+-----
Stealth        | 7 8 |  8.5
Unarmed Combat | 3 4 |  4.1
Dodging        | 3 4 |  4.0
Fighting       | 4 |  4.7
Shields        | 1 |  1.9
Throwing       | 1 2 |  2.4

Action                   |  1- 3 |  4- 6 |  7- 9 || total
-------------------------+-------+-------+-------++-------
Melee: Unarmed           |    21 |   123 |    55 ||   199
       Tentacles         |     4 |    23 |    11 ||    38
       Constrict         |     5 |    32 |     3 ||    40
       Punch             |       |     5 |       ||     5
Throw: Javelin           |       |    15 |    15 ||    30
  Use: Scroll            |       |     1 |       ||     1
       Potion            |       |     1 |       ||     1
 Stab: Sleeping          |     2 |    25 |     3 ||    30
Armor: Skin              |       |    11 |     2 ||    13
Dodge: Dodged            |     9 |    69 |    39 ||   117
Block: Buckler           |       |    12 |    14 ||    26

Table legend: (Time is in decaauts)
 A = Elapsed time spent in this place.
 B = Non-inter-level travel time spent in this place.
 C = Inter-level travel time spent in this place.
 D = Time resting spent in this place.
 E = Time spent auto-exploring this place.
 F = Levels seen in this place.
 G = Mean time per level.
                   A        B        C        D        E       F      G
               +--------+--------+--------+--------+--------+-----+--------+
         Total |   5792 |   5618 |    174 |   2499 |   2272 |   6 |  965.3 |
       Dungeon |   5792 |   5618 |    174 |   2499 |   2272 |   6 |  965.3 |
               +--------+--------+--------+--------+--------+-----+--------+

Top non-repeatable levels by time:
     D:4: 1497 daAuts
     D:3: 1432 daAuts
     D:5: 1205 daAuts
     D:2: 981 daAuts
     D:1: 670 daAuts
     D:6: 5 daAuts
